 Dungeon Crawl Stone Soup version 0.30-a0-652-gcc886f7154 (webtiles) character file.

Game seed: 354841265906833791

3656 pokeman the Thaumaturge (level 9, -1/49 HPs)
             Began as a Deep Elf Hedge Wizard on Jan 18, 2023.
             Was an Initiate of Vehumet.
             Slain by a vampire mosquito (10 damage)
             ... on level 8 of the Dungeon.
             The game lasted 00:20:14 (8971 turns).

pokeman the Thaumaturge (Deep Elf Hedge Wizard)     Turns: 8971, Time: 00:20:15

Health: -1/49      AC:  6    Str:  7    XL:     9   Next: 88%
Magic:  2/26       EV: 13    Int: 24    God:    Vehumet [......]
Gold:   82         SH:  0    Dex: 14    Spells: 19/31 levels left

rFire   . . .      SeeInvis .    A - +2 trident (venom)
rCold   + . .      Faith    .    (no shield)
rNeg    . . .      Spirit   .    m - +2 robe {rC+}
rPois   +          Reflect  .    c - +0 hat
rElec   .          Harm     .    g - +1 cloak {rCorr}
rCorr   +          Rampage  .    (no gloves)
Will    .....                    (no boots)
Stlth   ++                       (no amulet)
HPRegen 0.28/turn                n - ring of flight
MPRegen 0.20/turn                D - ring of poison resistance

@: flying
A: no striking features
a: Renounce Religion


You were on level 8 of the Dungeon.
You worshipped Vehumet.
Vehumet was noncommittal.
You visited 2 branches of the dungeon, and saw 9 of its levels.
You also visited: Ossuary.

You collected 329 gold pieces.
You spent 247 gold pieces at shops.

Inventory:

Hand Weapons
 A - a +2 trident of venom (weapon)
Armour
 c - a +0 hat (worn)
 g - a +1 cloak of preservation (worn)
 m - a +2 robe of cold resistance (worn)
 E - an orb of mayhem
Jewellery
 k - a ring of ice
 n - a ring of flight (left hand)
 w - a ring of fire
 D - a ring of poison resistance (right hand)
Wands
 p - a wand of paralysis (15)
 H - a wand of quicksilver (4)
 I - a wand of flame (19)
 K - a wand of mindburst (12)
 L - a wand of polymorph (5)
Scrolls
 a - 11 scrolls of identify {unknown}
 b - 4 scrolls of immolation {unknown}
 f - a scroll of blinking {unknown}
 l - 3 scrolls of poison {unknown}
 q - a scroll of magic mapping {unknown}
 r - 3 scrolls of vulnerability {unknown}
 s - 5 scrolls of teleportation {unknown}
 u - 2 scrolls of enchant armour {unknown}
 v - 3 scrolls of enchant weapon {unknown}
 y - 5 scrolls of amnesia {unknown}
 B - a scroll of noise {unknown}
 F - a scroll of brand weapon {unknown}
 J - a scroll of acquirement {unknown}
Potions
 d - a potion of magic
 e - 2 potions of degeneration {unknown}
 h - a potion of attraction {unknown}
 i - a potion of cancellation {unknown}
 j - 5 potions of flight {unknown}
 o - a potion of mutation {unknown}
 t - 6 potions of curing {unknown}
 x - 2 potions of might {unknown}
 z - 2 potions of berserk rage {unknown}
 C - a potion of resistance
 G - a potion of heal wounds {unknown}


   Skills:
 + Level 2.8 Fighting
 - Level 3.0 Armour
 - Level 3.0 Dodging
 - Level 3.1 Stealth
 * Level 11.6 Spellcasting
 + Level 8.1 Conjurations
 + Level 4.4 Summonings
 - Level 1.1 Translocations
 + Level 3.7 Fire Magic
 - Level 1.1 Air Magic
 - Level 3.0 Poison Magic
 - Level 2.0 Evocations


You had 19 spell levels left.
You knew the following spells:

 Your Spells              Type           Power      Damage    Failure   Level
a - Magic Dart            Conj           100%       1d8       1%          1
b - Mephitic Cloud        Conj/Pois/Air  33%        N/A       2%          3
c - Call Imp              Summ           35%        N/A       1%          2
d - Blink                 Tloc           38%        N/A       4%          2
e - Flame Wave            Conj/Fire      42%        2d11      3%          4

Your spell library contained the following spells:

 Spells                   Type           Power      Damage    Failure   Level
 Hailstorm                Conj/Ice       33%        3d8       2%          3
 Cigotuvi's Dreadful Rot  Necr/Pois/Air  40%        N/A       3%          2
 Sticky Flame             Conj/Fire      42%        2d6       3%          4
 Beastly Appendage        Tmut           26%        N/A       4%          1
 Freeze                   Ice            52%        1d6       4%          1
 Slow                     Hex            52%        N/A       4%          1
 Inner Flame              Hex/Fire       22%        N/A       6%          3
 Sublimation of Blood     Necr           13%        N/A       7%          2
 Wereblood                Tmut           13%        N/A       7%          2
 Spider Form              Tmut/Pois      21%        N/A       8%          3
 Portal Projectile        Hex/Tloc       32%        N/A       11%         3
 Frozen Ramparts          Ice            26%        1d4       14%         3
 Tukima's Dance           Hex            13%        N/A       14%         3
 Irradiate                Conj/Tmut      16%        3d17      24%         5
 Petrify                  Tmut/Erth      13%        N/A       41%         4
 Blade Hands              Tmut           6%         N/A       77%         5


Dungeon Overview and Level Annotations

Branches:
Dungeon (8/15)             Temple (1/1) D:7         Ossuary (visited)
   Lair: D:8-11

Altars:
Dithmenos
Fedhas
Kikubaaqudgha
Makhleb
Nemelex Xobeh
Okawaru
Qazlal
Ru
Vehumet
Wu Jian
The Shining One
Jiyva

Shops:
D:6 [


Message History

The vampire mosquito is heavily damaged.
The flame wave engulfs the orc!
You kill the orc!
Vehumet accepts your kill.
You finish channelling waves of flame.
The vampire mosquito bites you!
* * * LOW HITPOINT WARNING * * *
The vampire mosquito draws strength from your injuries!
The vampire mosquito bites you but does no damage.
Casting: Flame Wave (dangerous; 3% risk of failure)
Confirm with . or Enter, or press ? or * to list all spells.
You don't have enough magic to cast this spell.
Unknown command.
Aiming: Quicksilver Bolt
Press: ? - help, Shift-Dir - straight line, f - vampire mosquito
Aim: a vampire mosquito (moderately damaged, 53% to hit)
Okay, then.
Unknown command.
Aiming: Polymorph
Press: ? - help, Shift-Dir - straight line, f - vampire mosquito
Aim: a vampire mosquito (moderately damaged, not susceptible)
Okay, then.
Unknown command.
Aiming: Paralyse
Press: ? - help, Shift-Dir - straight line, f - vampire mosquito
Aim: a vampire mosquito (moderately damaged, chance to affect: 54%)
Okay, then.
Unknown command.
Unknown command.
Aiming: Quicksilver Bolt
Press: ? - help, Shift-Dir - straight line, f - vampire mosquito
Aim: a vampire mosquito (moderately damaged, 53% to hit)
The bolt of dispelling energy hits the vampire mosquito!!
The vampire mosquito is almost destroyed.
The vampire mosquito bites you but does no damage.
Aiming: Quicksilver Bolt
Press: ? - help, Shift-Dir - straight line, f/p - vampire mosquito
Aim: a vampire mosquito (almost destroyed, 53% to hit)
The bolt of dispelling energy misses the vampire mosquito.
The vampire mosquito bites you!
You die...

##<...# #.....#
......# ####.....##
#.#... .##.......#
#.#..## .
......#...####
#.#...#).
......#......###.....)
...#............).))
...#....#....#...y#
..####.##....##.@#
..#..........##..#
.........#...##..###
...####..###.......#
..†## #.##..#.....).#
....## #.##..##..###.#
.....###.##......## #
###.......#.........
#...................


You could see a vampire mosquito.

Vanquished Creatures
  A gargoyle (D:5)
  A wyvern (D:8)
  2 vampire mosquitoes (D:8)
  Edmund (D:6)
  2 water moccasins (D:7)
  Duvessa (D:6)
  3 ice beasts
  2 ogres
  3 black bears
  A centaur (D:5)
  A kobold brigand (D:7)
  Blork the orc (D:6)
  An elf zombie (Ossuary)
  A bullfrog (D:8)
  A necrophage (D:5)
  3 scorpions
  3 wights (D:7)
  Dowan (D:6)
  A jelly (D:7)
  A gnoll bouda (D:7)
  2 centaur zombies (Ossuary)
  A hound (D:6)
  3 orc priests
  Ijyb (D:3)
  4 orc wizards
  6 iguanas
  3 mummies
  3 gnolls (D:7)
  14 adders
  4 shadow imps
  A white imp (D:4)
  An adder zombie (Ossuary)
  A worm (D:4)
  2 dart slugs
  15 orcs
  5 bats
  6 endoplasms
  5 giant cockroaches
  2 goblins
  6 hobgoblins
  6 jackals
  10 kobolds
  2 quokkas
  4 ball pythons
  5 frilled lizards
  2 goblin zombies (Ossuary)
  13 hobgoblin zombies (Ossuary)
  6 kobold zombies (Ossuary)
  11 orc zombies
  7 rats
  A rat zombie (Ossuary)
183 creatures vanquished.

Vanquished Creatures (collateral kills)
  Sigmund (D:2)
  A jackal zombie (Ossuary)
  A kobold zombie (Ossuary)
3 creatures vanquished.

Vanquished Creatures (others)
  3 plants (D:6)
3 creatures vanquished.

Grand Total: 189 creatures vanquished

Notes
Turn   | Place    | Note
-------+----------+-------------------------------------------
     0 | D:1      | pokeman the Deep Elf Hedge Wizard began the quest for the
                  | Orb.
     0 | D:1      | Reached XP level 1. HP: 10/10 MP: 7/7
   357 | D:1      | Reached XP level 2. HP: 15/15 MP: 9/9
  1178 | D:2      | Noticed Sigmund
  1215 | D:2      | Reached skill level 5 in Spellcasting
  1244 | D:2      | Reached XP level 3. HP: 17/20 MP: 5/11
  1248 | D:2      | Learned a level 3 spell: Mephitic Cloud
  1251 | D:2      | Learned a level 2 spell: Call Imp
  1254 | D:2      | Learned a level 2 spell: Blink
  1613 | D:2      | Killed Sigmund
  1614 | D:2      | Reached skill level 5 in Conjurations
  1614 | D:2      | Reached XP level 4. HP: 21/24 MP: 8/13
  1614 | D:2      | Reached XP level 5. HP: 25/28 MP: 8/14
  1918 | D:3      | Found a blossoming altar of Fedhas.
  1930 | D:3      | Reached skill level 1 in Fighting
  1930 | D:3      | Reached skill level 1 in Armour
  1993 | D:3      | Found a stormy altar of Qazlal.
  2107 | D:3      | Noticed Ijyb
  2130 | D:3      | Killed Ijyb
  2497 | D:3      | Reached XP level 6. HP: 34/34 MP: 13/16
  2582 | D:3      | Found a faded altar of an unknown god.
  2855 | D:4      | Found a sand-covered staircase.
  2891 | Ossuary  | Entered an ossuary
  3427 | Ossuary  | Reached skill level 6 in Spellcasting
  3739 | Ossuary  | Reached skill level 1 in Evocations
  4010 | D:4      | Reached skill level 1 in Air Magic
  4010 | D:4      | Reached XP level 7. HP: 38/38 MP: 10/19
  4477 | D:4      | Reached skill level 7 in Spellcasting
  4896 | D:5      | Entered Level 5 of the Dungeon
  4945 | D:5      | Reached skill level 1 in Poison Magic
  5101 | D:5      | Noticed a gargoyle
  5477 | D:5      | Killed a gargoyle
  5478 | D:5      | Reached skill level 8 in Spellcasting
  5478 | D:5      | Reached XP level 8. HP: 27/44 MP: 16/22
  5668 | D:5      | Reached skill level 9 in Spellcasting
  5918 | D:5      | Learned a level 4 spell: Flame Wave
  5957 | D:5      | Found a shadowy altar of Dithmenos.
  6203 | D:6      | Noticed Duvessa
  6204 | D:6      | Noticed Dowan
  6212 | D:6      | Killed Duvessa
  6213 | D:6      | Reached skill level 1 in Fire Magic
  6215 | D:6      | Killed Dowan
  6439 | D:6      | Noticed Edmund
  6482 | D:6      | Killed Edmund
  6483 | D:6      | Reached skill level 10 in Spellcasting
  6483 | D:6      | Reached XP level 9. HP: 24/48 MP: 13/25
  7059 | D:6      | Found Ewaen's Armour Boutique.
  7067 | D:6      | Bought a +1 cloak of preservation for 247 gold pieces
  7087 | D:6      | Noticed Blork the orc
  7094 | D:6      | Killed Blork the orc
  7313 | D:7      | Found an ancient bone altar of Kikubaaqudgha.
  7914 | D:7      | Found a staircase to the Ecumenical Temple.
  7929 | Temple   | Entered the Ecumenical Temple
  7956 | Temple   | Became a worshipper of Vehumet
  8453 | D:7      | Found a sacrificial altar of Ru.
  8669 | D:7      | Reached skill level 11 in Spellcasting
  8971 | D:8      | Slain by a vampire mosquito

Illustrated notes

Levels and vault maps discovered:
D:1:      psy_arrival_statuary, layout_loops_ring
D:2:      layout_rooms, uniq_sigmund
D:3:      layout_loops_ring, mainiacjoe_overflow_surrounded_room,
          lemuel_tele_altar, ebering_ecumenical_altar_ruins, uniq_ijyb
D:4:      layout_loops_ring, nicolae_ossuary_entry_giza
D:5:      layout_basic, nicolae_dithmenos_shadow_blocks
D:6:      layout_basic, serial_shops, shop, serial_bayou_crossing,
          uniq_blork_the_orc, uniq_edmund, uniq_duvessa
D:7:      layout_basic, nicolae_kikubaaqudgha_miasma_corner,
          nicolae_ru_path_of_blood, minmay_temple_entry_statues
D:8:      layout_cave_pools, nicolae_hepliaklqana_hippocampus,
          eat_drink_and_be_merry_uskayaw, slow_altar_2, serial_shops,
          nicolae_shop_bloodbath_and_beyond, minmay_tree_intersection
Temple:   pf_slime_end_temple

Skill      XL: |  1  2  3  4  5  6  7  8  9 |
---------------+----------------------------+-----
Spellcasting   | 5 6 8 10 11 | 11.6
Conjurations   | 5 6 7 8 |  8.1
Fighting       | 1 2 |  2.8
Armour         | 1 2 3 |  3.0
Stealth        | 3 |  3.1
Dodging        | 3 |  3.0
Evocations     | 1 2 |  2.0
Air Magic      | 1 |  1.1
Poison Magic   | 2 3 |  3.0
Summonings     | 2 4 |  4.4
Fire Magic     | 1 3 |  3.7
Translocations | |  1.1

Action                   |  1- 3 |  4- 6 |  7- 9 || total
-------------------------+-------+-------+-------++-------
Melee: Dagger            |     9 |   113 |       ||   122
       Punch             |       |     2 |     3 ||     5
       Trident           |       |       |    70 ||    70
 Cast: Magic Dart        |    74 |   144 |   224 ||   442
       Call Imp          |     1 |     6 |     2 ||     9
       Mephitic Cloud    |     1 |     2 |    18 ||    21
       Blink             |       |       |     5 ||     5
       Flame Wave        |       |       |    14 ||    14
Evoke: Wand              |       |       |    14 ||    14
 Stab: Sleeping          |     1 |       |       ||     1
       Confused          |     1 |     3 |    10 ||    14
       Paralysed         |       |       |     1 ||     1
Armor: Robe              |     4 |    31 |    19 ||    54
Dodge: Dodged            |    10 |    34 |    79 ||   123

Table legend: (Time is in decaauts)
 A = Elapsed time spent in this place.
 B = Non-inter-level travel time spent in this place.
 C = Inter-level travel time spent in this place.
 D = Time resting spent in this place.
 E = Time spent auto-exploring this place.
 F = Levels seen in this place.
 G = Mean time per level.
                   A        B        C        D        E       F      G
               +--------+--------+--------+--------+--------+-----+--------+
         Total |   8946 |   8704 |    242 |    218 |   7038 |  10 |  894.6 |
       Dungeon |   7928 |   7702 |    226 |    195 |   6354 |   8 |  991.0 |
        Temple |     44 |     28 |     16 |      0 |     17 |   1 |   44.0 |
       Ossuary |    972 |    972 |      0 |     23 |    667 |   1 |  972.0 |
               +--------+--------+--------+--------+--------+-----+--------+

Top non-repeatable levels by time:
     D:7: 1485 daAuts
     D:5: 1260 daAuts
     D:6: 1133 daAuts
     D:4: 1131 daAuts
     D:1: 1091 daAuts
 Ossuary: 972 daAuts
     D:3: 967 daAuts
     D:2: 726 daAuts
     D:8: 131 daAuts
  Temple: 44 daAuts
